 Dungeon Crawl Stone Soup version 0.30-a0-857-gcaf70739d4 (webtiles) character file.

Game seed: 16216438289940903607

257 freelancePsychic the Vexing (level 5, -4/37 HPs)
             Began as a Vampire Wanderer on Mar 5, 2023.
             Was a Follower of Nemelex Xobeh.
             Slain by a sleepcap (7 damage)
             ... on level 4 of the Dungeon.
             The game lasted 00:04:49 (2794 turns).

freelancePsychic the Vexing (Vampire Wanderer)      Turns: 2794, Time: 00:04:49

Health: -4/37      AC:  4    Str:  9    XL:     5   Next: 93%
Magic:  3/10       EV: 12    Int: 16    God:    Nemelex Xobeh [*.....]
Gold:   239        SH:  0    Dex: 16    Spells: 4/11 levels left

rFire   . . .      SeeInvis +    a - +0 shortbow
rCold   . . .      Faith    +    (shield currently unavailable)
rNeg    . . .      Spirit   .    d - +0 robe
rPois   +          Reflect  .    k - +0 helmet
rElec   .          Rampage  .    (no cloak)
rCorr   .                        (no gloves)
Will    .....                    b - +0 pair of boots
Stlth   ++                       i - amulet of faith
HPRegen 0.46/turn                l - ring of poison resistance
MPRegen 0.12/turn                (no ring)

@: healing quickly
A: alive, fangs 3, see invisible, vampiric 2
a: Exsanguinate, Renounce Religion, Draw Escape, Draw Destruction, Draw
Summoning


You were on level 4 of the Dungeon.
You worshipped Nemelex Xobeh.
Nemelex Xobeh was aware of your devotion.
You visited 1 branch of the dungeon, and saw 4 of its levels.

You collected 239 gold pieces.

Inventory:

Hand Weapons
 a - a +0 shortbow (weapon)
Armour
 b - a +0 pair of boots (worn)
 d - a +0 robe (worn)
 k - a +0 helmet (worn)
Jewellery
 i - an amulet of faith (around neck)
 l - a ring of poison resistance (left hand)
Wands
 q - a wand of mindburst (11)
Scrolls
 c - 2 scrolls of fog
 f - 2 scrolls of enchant weapon
 h - 2 scrolls of teleportation {@r4}
 j - a scroll of blinking {unknown}
 m - a scroll of immolation {unknown}
 n - a scroll of vulnerability {unknown}
Potions
 e - 3 potions of heal wounds {unknown}
 g - a potion of mutation {unknown}
 o - a potion of haste {unknown}
 p - 2 potions of curing {unknown}
 r - a potion of ambrosia {unknown}
 s - a potion of flight {unknown}


   Skills:
 + Level 1.0 Fighting
 - Level 1.5 Ranged Weapons
 - Level 1.5 Armour
 - Level 1.1 Dodging
 + Level 1.5 Stealth
 - Level 3.6 Spellcasting
 + Level 4.7 Hexes
 - Level 3.0 Summonings
 * Level 1.1 Invocations


You had 4 spell levels left.
You knew the following spells:

 Your Spells              Type           Power      Damage    Failure   Level
a - Summon Small Mammal   Summ           48%        N/A       4%          1
b - Summon Guardian Gole  Hex/Summ       15%        N/A       11%         3
c - Tukima's Dance        Hex            17%        N/A       8%          3

Your spell library contained the following spells:

 Spells                   Type           Power      Damage    Failure   Level
 Static Discharge         Conj/Air       4%         2-3/arc   26%         2
 Vhi's Electric Charge    Tloc/Air       4%         N/A       47%         3
 Passage of Golubria      Tloc           2%         N/A       87%         4
 Yara's Violent Unravell  Hex/Tmut       5%         3d4       88%         5
 Arcjolt                  Conj/Air       1%         1d11      99%         5
 Lightning Bolt           Conj/Air       1%         1d12      99%         5


Dungeon Overview and Level Annotations

Branches:
Dungeon (4/15)
 Temple: D:4-7

Altars:
Ashenzari
Nemelex Xobeh

Annotations:
D:2 Terence


Innate Abilities, Weirdness & Mutations

Your natural rate of healing is accelerated.
You have razor-sharp teeth.
You have supernaturally acute eyesight. (SInv)
You are afflicted with vampirism and can become a bat while bloodless.


Message History

The sleepcap is heavily damaged.
The sleepcap releases spores at you but does no damage.
The sleepcap barely misses you.
You shoot an arrow. The arrow hits the sleepcap.
The sleepcap is severely damaged.
The sleepcap releases spores at you.
You are engulfed in a cloud of soporific spores!
You fall asleep.
You wake up.
You shoot an arrow. The arrow hits the sleepcap.
The sleepcap is severely damaged.
The sleepcap releases spores at you.
You are engulfed in a cloud of soporific spores!
You are unaffected.
The sleepcap barely misses you.
You shoot an arrow.
The arrow hits the sleepcap but does no damage.
The sleepcap is severely damaged.
The sleepcap barely misses you.
You shoot an arrow. The arrow hits the sleepcap.
The sleepcap is almost destroyed.
The sleepcap releases spores at you.
You are engulfed in a cloud of soporific spores!
The sleepcap releases spores at you but does no damage.
You shoot an arrow.
The arrow hits the sleepcap but does no damage.
The sleepcap is almost destroyed.
The sleepcap releases spores at you.
You are engulfed in a cloud of soporific spores!
You fall asleep.
The sleepcap releases spores at you!!
You wake up.
Ouch! That really hurt!
* * * LOW HITPOINT WARNING * * *
You are engulfed in a cloud of soporific spores!
You are unaffected.
You shoot an arrow.
The arrow hits the sleepcap but does no damage.
The sleepcap is almost destroyed.
The sleepcap releases spores at you!
You die...
Your body disappears without a glow.

#.##########################
#...........................
#.##########################
#.# #........# #.#
#.######.# #.# #.# #.# #.#
#.# #.# #.# #######.# #.####
#.# #....##@# #....# #.#
#....##f# ####.# #.#
#....##9#########.# #.#
#....##.#.......#.# #)#
#...............'.#
##(###....##.#.......###
#..........#.######### ##
#########..#.# ##. ####.#
####..


You could see a sleepcap (ally target) and a friendly guardian golem (summoned).

Vanquished Creatures
  A hound (D:3)
  4 adders
  A worm (D:3)
  3 dart slugs (D:1)
  An orc (D:3)
  3 bats
  10 endoplasms
  7 giant cockroaches
  5 goblins
  5 hobgoblins
  3 jackals (D:2)
  4 quokkas
  9 ball pythons
  4 frilled lizards
  6 kobolds
  23 rats
89 creatures vanquished.

Vanquished Creatures (collateral kills)
  An orc (D:4)
1 creature vanquished.

Vanquished Creatures (others)
  An ice beast (D:3)
1 creature vanquished.

Grand Total: 91 creatures vanquished

Notes
Turn   | Place    | Note
-------+----------+-------------------------------------------
     0 | D:1      | freelancePsychic the Vampire Wanderer began the quest for
                  | the Orb.
     0 | D:1      | freelancePsychic set off with the following items: a +0
                  | shortbow, a +0 pair of boots, a scroll of fog, a +0 robe;
                  | and the following spell memorised: Summon Small Mammal; and
                  | the following spells available to memorise: Summon Guardian
                  | Golem.
     0 | D:1      | Reached XP level 1. HP: 15/15 MP: 3/3
   105 | D:1      | Reached skill level 1 in Hexes
   139 | D:1      | Reached XP level 2. HP: 19/21 MP: 5/5
   620 | D:1      | Reached skill level 2 in Hexes
   724 | D:1      | Gained mutation: You are afflicted with vampirism and can
                  | become a bat while bloodless. [Vampire growth]
   724 | D:1      | Reached XP level 3. HP: 26/26 MP: 6/6
   767 | D:1      | Learned a level 3 spell: Summon Guardian Golem
   771 | D:1      | Learned a level 3 spell: Tukima's Dance
   935 | D:2      | Found a sparkling altar of Nemelex Xobeh.
  1009 | D:2      | Noticed Terence
  1074 | D:2      | Reached XP level 4. HP: 29/32 MP: 8/8
  1156 | D:2      | Became a worshipper of Nemelex Xobeh the Trickster
  1231 | D:2      | Reached skill level 3 in Hexes
  1312 | D:3      | Found a faded altar of an unknown god.
  1427 | D:3      | Noticed an ice beast
  1444 | D:3      | Killed an ice beast
  1445 | D:3      | Reached skill level 4 in Hexes
  1445 | D:3      | Reached XP level 5. HP: 37/37 MP: 3/10
  1677 | D:3      | Found a broken altar of Ashenzari.
  1969 | D:3      | Reached skill level 1 in Invocations
  2011 | D:3      | Reached * piety under Nemelex Xobeh
  2428 | D:4      | Received a gift from Nemelex Xobeh
  2794 | D:4      | Slain by a sleepcap

Illustrated notes

Levels and vault maps discovered:
D:1:      giann_horns, layout_loops_ring
D:2:      layout_basic, basic_altar, minmay_rat_hole, uniq_terence
D:3:      minmay_razor_zed, layout_loops_ring, mainiacjoe_overflow_alcove_1,
          nicolae_ecumenical_oubliette
D:4:      layout_basic, serial_shops, shop, lightli_minifort

Skill      XL: |  1  2  3  4  5 |
---------------+----------------+-----
Hexes          | 1 2 4 |  4.7
Summonings     | 2 3 |  3.0
Spellcasting   | 3 |  3.6
Invocations    | 1 |  1.1
Fighting       | |  1.0
Ranged Weapons | |  1.5
Armour         | |  1.5
Dodging        | |  1.1
Stealth        | |  1.5

Action                     |  1- 3 |  4- 6 || total
---------------------------+-------+-------++-------
   Fire: Shortbow          |   119 |   163 ||   282
   Cast: Summon Small Mamm |     2 |       ||     2
         Summon Guardian G |       |     7 ||     7
         Tukima's Dance    |       |     1 ||     1
    Use: Scroll            |     2 |     1 ||     3
 Armour: Robe              |    19 |    27 ||    46
  Dodge: Dodged            |    65 |    98 ||   163

Table legend: (Time is in decaauts)
 A = Elapsed time spent in this place.
 B = Non-inter-level travel time spent in this place.
 C = Inter-level travel time spent in this place.
 D = Time resting spent in this place.
 E = Time spent auto-exploring this place.
 F = Levels seen in this place.
 G = Mean time per level.
                   A        B        C        D        E       F      G
               +--------+--------+--------+--------+--------+-----+--------+
         Total |   2916 |   2728 |    188 |      6 |   2084 |   4 |  729.0 |
       Dungeon |   2916 |   2728 |    188 |      6 |   2084 |   4 |  729.0 |
               +--------+--------+--------+--------+--------+-----+--------+

Top non-repeatable levels by time:
     D:3: 1006 daAuts
     D:1: 794 daAuts
     D:2: 624 daAuts
     D:4: 491 daAuts
